 Dungeon Crawl Stone Soup version 0.32-a0-43-g058985b245 (webtiles) character file.

Game seed: 13313536165117770394

6 Atlas the Firebug (level 1, -1/13 HPs)
             Began as a Demonspawn Fire Elementalist on Feb 4, 2024.
             Slain by a frilled lizard (3 damage)
             ... on level 1 of the Dungeon.
             The game lasted 00:00:30 (223 turns).

Atlas the Firebug (Demonspawn Fire Elementalist)     Turns: 223, Time: 00:00:30

Health: -1/13      AC:  2    Str:  8    XL:     1   Next: 75%
Magic:  0/3        EV: 12    Int: 15    God:
Gold:   0          SH:  0    Dex: 13    Spells: 3/4 levels left

rFire   . . .        (no weapon)
rCold   . . .        (no shield)
rNeg    . . .        a - +0 robe
rPois   .            (no helmet)
rElec   .            (no cloak)
rCorr   .            (no gloves)
SInv    .            (no boots)
Will    .....        (no amulet)
Stlth   ++           (no ring)
HPRegen 0.22/turn    (no ring)
MPRegen 0.08/turn

%: no passive effects
@: no status effects
A: no striking features
a: no special abilities


You were on level 1 of the Dungeon.
You visited 1 branch of the dungeon, and saw 1 of its levels.

Inventory:

Armour
 a - a +0 robe (worn)
Scrolls
 c - a scroll of amnesia {unknown}
 d - a scroll of identify {unknown}
Potions
 b - a potion of magic


   Skills:
 + Level 1.7 Dodging
 + Level 1.7 Stealth
 + Level 2.3 Spellcasting
 + Level 1.0 Conjurations
 + Level 2.8 Fire Magic


You had 3 spell levels left.
You knew the following spells:

 Your Spells              Type           Power      Damage    Failure   Level
a - Foxfire               Conj/Fire      28%        2x1d5     10%         1

Your spell library contained the following spells:

 Spells                   Type           Power      Damage    Failure   Level
 Scorch                   Fire           20%        2d5       10%         2
 Inner Flame              Hex/Fire       6%         N/A       34%         3
 Volatile Blastmotes      Fire/Tloc      12%        2d11      34%         3
 Flame Wave               Conj/Fire      7%         2d5       67%         4


Dungeon Overview and Level Annotations

Branches:
Dungeon (1/15)

Altars:


Message History

The frilled lizard barely misses you.
You hit the kobold but do no damage. The kobold barely misses you.
The frilled lizard misses you.
You barely miss the kobold. The kobold hits you with a +0 club.
The frilled lizard barely misses you.
You hit the frilled lizard.
The frilled lizard is heavily wounded.
The kobold barely misses you. The frilled lizard closely misses you.
You miss the frilled lizard.
The frilled lizard is heavily wounded.
The kobold hits you with a +0 club. The frilled lizard barely misses you.
You completely miss the frilled lizard.
The frilled lizard is heavily wounded.
The kobold hits you but does no damage. The frilled lizard bites you.
You barely miss the frilled lizard.
The frilled lizard is heavily wounded.
The kobold barely misses you. The frilled lizard barely misses you.
Your magical contamination has completely faded away.
You miss the frilled lizard.
The frilled lizard is heavily wounded.
The kobold hits you with a +0 club. The frilled lizard barely misses you.
You closely miss the frilled lizard.
The frilled lizard is heavily wounded.
The kobold closely misses you. The frilled lizard bites you.
You hit the frilled lizard.
The frilled lizard is heavily wounded.
The kobold misses you. The frilled lizard closely misses you.
You miss the frilled lizard.
The frilled lizard is heavily wounded.
The kobold hits you with a +0 club. The frilled lizard barely misses you.
You closely miss the frilled lizard.
The frilled lizard is heavily wounded.
The kobold hits you with a +0 club.
* * * LOW HITPOINT WARNING * * *
The frilled lizard barely misses you.
Casting: Foxfire (safe; 10% risk of failure)
Confirm with . or Enter, or press ? or * to list all spells.
You conjure some foxfire!
The kobold barely misses you. The frilled lizard bites you.
You die...

.#### #.........##≈≈#
...# #.........# #≈#
..## #.........# ##
##..# #.........#
##...# ###.#.#####
#.#.K#######...#
.##.......†..########
.##.##.###†....lvv..#
.##.##.#.......K@...#
.##.#.....#########.#
.##............# #
.####.....####.# .#
##.#.## .#####.#.#
#....#.# #.####.# #J
#.#


You could see a kobold and a frilled lizard (ally target).

Vanquished Creatures
  A ball python (D:1)
  An endoplasm (D:1)
  A giant cockroach (D:1)
  A quokka (D:1)
  A rat (D:1)
5 creatures vanquished.

Vanquished Creatures (others)
  20 foxfires (D:1)
20 creatures vanquished.

Grand Total: 25 creatures vanquished

Notes
Turn   | Place    | Note
-------+----------+-------------------------------------------
     0 | D:1      | Atlas the Demonspawn Fire Elementalist began the quest for
                  | the Orb.
     0 | D:1      | Reached XP level 1. HP: 13/13 MP: 3/3
   223 | D:1      | Slain by a frilled lizard

Illustrated notes

Levels and vault maps discovered:
D:1:      lemuel_arrival_river_ford, layout_loops_ring,
          chequers_serial_rivers_room_a

Action                     || total
---------------------------++-------
  Melee: Unarmed           ||    16
   Cast: Foxfire           ||    14
 Armour: Robe              ||    15
  Dodge: Dodged            ||    22

Table legend: (Time is in decaauts)
 A = Elapsed time spent in this place.
 B = Non-inter-level travel time spent in this place.
 C = Inter-level travel time spent in this place.
 D = Time resting spent in this place.
 E = Time spent auto-exploring this place.
 F = Levels seen in this place.
 G = Mean time per level.
                   A        B        C        D        E       F      G
               +--------+--------+--------+--------+--------+-----+--------+
         Total |    225 |    225 |      0 |      2 |    151 |   1 |  225.0 |
       Dungeon |    225 |    225 |      0 |      2 |    151 |   1 |  225.0 |
               +--------+--------+--------+--------+--------+-----+--------+

Top non-repeatable levels by time:
     D:1: 225 daAuts
